 Dungeon Crawl Stone Soup version 0.29.1-13-g9f3cf754e1 (webtiles) character file.

Game seed: 7785555220729551684

89443 booth the Severer (level 15, -26/119 HPs)
             Began as a Demonspawn Gladiator on Jan 25, 2023.
             Was a High Priest of Okawaru.
             Killed from afar by a deep elf zephyrmancer (35 damage)
             ... with a bolt of lightning
             ... on level 1 of the Elven Halls on Jan 27, 2023.
             The game lasted 03:40:21 (26395 turns).

booth the Severer (Demonspawn Gladiator)           Turns: 26395, Time: 03:40:21

Health: -26/119    AC: 26    Str: 20    XL:     15   Next: 49%
Magic:  0/21       EV: 13    Int: 14    God:    Okawaru [*****.]
Gold:   636        SH:  0    Dex: 28    Spells: 14/14 levels left

rFire   . . .      SeeInvis .   a - +4 war axe (vamp)
rCold   + + .      Faith    .   (no shield)
rNeg    + . .      Spirit   +   U - +3 chain mail of Deocw {rC++ rN+ Int+4 Dex-3}
rPois   .          Reflect  .   c - +1 helmet
rElec   .          Harm     .   v - +2 cloak
rCorr   .          Rampage  +   W - +0 pair of fencer's gloves {Riposte Dex+3}
Will    +....                   T - +1 pair of boots of Cituc {Rampage}
Stlth   +.........              G - amulet of guardian spirit
HPRegen 0.29/turn               y - +6 ring of dexterity
MPRegen 0.17/turn               V - +6 ring of dexterity

@: finesse-ful
A: molten scales 2, foul stench 2, spiny 3
a: Renounce Religion, Heroism, Finesse, Duel


You were on level 1 of the Elven Halls.
You worshipped Okawaru.
Okawaru was extremely pleased with you.
You visited 4 branches of the dungeon, and saw 23 of its levels.

You collected 2044 gold pieces.
You spent 1408 gold pieces at shops.

Inventory:

Hand Weapons
 a - a +4 vampiric war axe (weapon)
 g - the +12 glaive of Prune {vorpal}
   (You found it on level 14 of the Dungeon)

   It inflicts extra damage upon your enemies.
   It halves damage taken while paralysed, petrified or unconscious.
 q - a +3 vorpal executioner's axe
 w - a +3 dire flail
 E - a +2 demon trident of venom
 K - a +1 mace of protection
 O - a +3 eveningstar of protection
Missiles
 d - 3 throwing nets (quivered)
 e - 13 javelins
 n - 2 silver javelins
 A - 13 poisoned darts
 B - 4 boomerangs of dispersal
 J - 12 boomerangs
 M - 4 curare-tipped darts
 Q - 2 silver boomerangs
 Z - 11 atropa-tipped darts
Armour
 c - a +1 helmet (worn)
 v - a +2 cloak (worn)
 T - the +1 pair of boots of Cituc (worn) {Rampage}
   (You acquired it on level 15 of the Dungeon)

   Rampage:   It bestows one free step when moving towards enemies.
 U - the +3 chain mail of Deocw (worn) {rC++ rN+ Int+4 Dex-3}
   (Okawaru gifted it to you on level 2 of the Lair of Beasts)

   Int:       It affects your intelligence (+4).
   Dex:       It affects your dexterity (-3).
   rC:        It greatly protects you from cold.
   rN:        It protects you from negative energy.
 W - the +0 pair of fencer's gloves (worn) {Riposte Dex+3}
   (You acquired it on level 11 of the Dungeon)

   It allows the wearer to riposte with melee weapons, swiftly retaliating
   against missed or blocked melee attacks.
   Dex:       It affects your dexterity (+3).
Jewellery
 y - a +6 ring of dexterity (left hand)
 G - an amulet of guardian spirit (around neck)
 I - an amulet of magic regeneration
 S - a +6 ring of intelligence
 V - a +6 ring of dexterity (right hand)
 Y - an amulet of faith
Wands
 f - a wand of quicksilver (4)
 k - a wand of polymorph (2)
 l - a wand of flame (30)
 u - a wand of roots (25)
Scrolls
 b - 2 scrolls of fog
 h - 2 scrolls of magic mapping
 m - 6 scrolls of teleportation
 o - a scroll of identify
 x - 3 scrolls of amnesia
 z - 5 scrolls of immolation
 H - a scroll of brand weapon
 N - 2 scrolls of fear
 R - 3 scrolls of blinking
Potions
 i - 2 potions of flight
 j - 9 potions of curing
 p - 4 potions of magic
 s - 6 potions of heal wounds
 t - 2 potions of haste
 C - 2 potions of brilliance
 D - 2 potions of attraction
 F - 6 potions of lignification
 L - 3 potions of resistance
 X - 2 potions of ambrosia
Miscellaneous
 P - a phial of floods


   Skills:
 + Level 11.4 Fighting
 * Level 18.7(18.9) Axes
 + Level 3.2(12.7) Maces & Flails
 + Level 0.1(12.2) Polearms
 + Level 3.5 Throwing
 + Level 8.9 Armour
 + Level 6.9 Dodging
 * Level 7.3 Stealth
 + Level 8.0 Invocations
 + Level 0.4 Evocations


You had 14 spell levels left.
You didn't know any spells.
Your spell library contained the following spells:

 Spells                   Type           Power      Damage    Failure   Level
 Shock                    Conj/Air       0%         1d3       91%         1
 Sublimation of Blood     Necr           0%         N/A       97%         2
 Wereblood                Tmut           0%         N/A       97%         2
 Gell's Gravitas          Tloc           0%         N/A       100%        3
 Lesser Beckoning         Tloc           0%         N/A       100%        3
 Ozocubu's Armour         Ice            0%         N/A       100%        3
 Portal Projectile        Hex/Tloc       0%         N/A       100%        3
 Stone Arrow              Conj/Erth      0%         3d7       100%        3
 Swiftness                Air            0%         N/A       100%        3
 Teleport Other           Tloc           0%         N/A       100%        3
 Airstrike                Air            0%         2d(0-16)  100%        4
 Passage of Golubria      Tloc           0%         N/A       100%        4
 Blade Hands              Tmut           0%         N/A       100%        5
 Freezing Cloud           Conj/Ice/Air   0%         6-21      100%        5
 Manifold Assault         Tloc           0%         N/A       100%        5
 Dispersal                Tloc           0%         N/A       100%        6
 Orb of Destruction       Conj           0%         9d5       100%        7
 Ozocubu's Refrigeration  Ice            0%         4d7       100%        7
 Lehudib's Crystal Spear  Conj/Erth      0%         10d2      100%        8
 Summon Guardian Golem    Hex/Summ       Unusable   N/A       N/A         3
 Tukima's Dance           Hex            Unusable   N/A       N/A         3
 Animate Armour           Summ/Erth      Unusable   N/A       N/A         4
 Spellforged Servitor     Conj/Summ      Unusable   N/A       N/A         7
 Summon Hydra             Summ           Unusable   N/A       N/A         7

Dungeon Overview and Level Annotations

Branches:
Dungeon (15/15)            Temple (0/1) D:7            Lair (5/5) D:10
  Swamp (0/4) Lair:2       Spider (0/4) Lair:2        Slime (0/5) Lair:4
    Orc (2/2) D:12            Elf (1/3) Orc:2        Vaults (0/5) D:13
 Depths: D:15

Altars:
Cheibriados
Fedhas
Hepliaklqana
Makhleb
Okawaru
Qazlal
Sif Muna
Trog
Uskayaw
Wu Jian
Xom

Shops:
D:7 [   D:9 ?   D:15 ?   Orc:2 [:*([   Elf:1 (*=[

Annotations:
D:6 Sigmund
Lair:4 exclusion: 4 oklob plants
Lair:5 2 runed translucent doors


Innate Abilities, Weirdness & Mutations

You are mostly covered in molten scales. (AC +3)
You sometimes emit foul miasma when damaged in melee.
You are completely covered in sharp spines.


Message History

The deep elf zephyrmancer is severely wounded.
You slash the deep elf zephyrmancer!
You feel better.
You slash the deep elf zephyrmancer!
You feel better.
You kill the deep elf zephyrmancer!
Okawaru accepts your kill.
You slash the deep elf zephyrmancer!
You feel better.
The deep elf zephyrmancer hits you but does no damage.
You rampage towards the deep elf zephyrmancer!
A deep elf zephyrmancer comes into view.
It is wielding a +0 rapier.
You feel like a meek peon again.
The deep elf zephyrmancer points at you and mumbles some strange words.
The bolt of lightning hits you!!
* * * LOW HITPOINT WARNING * * *
The deep elf zephyrmancer hits you but does no damage.
The deep elf zephyrmancer gestures wildly while chanting.
The deep elf zephyrmancer blinks!
The deep elf zephyrmancer mumbles some strange words.
The deep elf zephyrmancer blinks!
There is an open door, spattered with blood here.
Items here: ))) †.
The deep elf zephyrmancer mumbles some strange words.
The deep elf zephyrmancer blinks!
You close the door, pushing everything out of the way.
You see here a +0 long sword.
Things that are here:
a +0 dagger; a +0 leather armour; a +1 dagger of venom A deep elf zephyrmancer breaks down the door.
The deep elf zephyrmancer casts a spell at you.
The bolt of lightning hits you!!
* * * LOW HITPOINT WARNING * * *
The deep elf zephyrmancer casts a spell at you.
The bolt of lightning misses you.
The deep elf zephyrmancer casts a spell.
The deep elf zephyrmancer blinks!
There is an open door here.
You close the door.
A deep elf zephyrmancer opens the door.
The deep elf zephyrmancer points at you and mumbles some strange words.
The bolt of lightning hits you!!!
You die...

+###### ##.....## # ##.......##
##########.......<)# #
'))e.....'ee....@..# #+
##########.........#############.
# #.........'...........'.
#.........#############.
##.......## ##### ##'. +#.....##
##...###.#+ ####### ##.....#'##
##.......##
############.........#


You could see 2 deep elf zephyrmancers.

Vanquished Creatures
  An ironbound preserver (D:13)
  Fannar (Lair:3)
  Harold (Lair:1)
  An ice dragon (Orc:2)
  2 rakshasas (D:15)
  4 hydras
  Erolcha (D:13)
  2 boulder beetles
  A catoblepas (Lair:5)
  Erica (Lair:1)
  5 ogre magi
  6 two-headed ogres
  5 centaur warriors
  A death knight (D:15)
  2 dancing weapons (Elf:1)
  A tengu warrior (D:14)
  Sonja (Lair:2)
  2 deep elf knights (Elf:1)
  A fire crab (Lair:5)
  A bog body (Lair:2)
  6 deep elf zephyrmancers
  A deep elf archer (Elf:1)
  2 wizards
  8 deep elf pyromancers
  9 orc sorcerers (Orc:2)
  2 ugly things (D:13)
  2 manticores
  5 cyclopes
  15 elephants
  A torpor snail (Lair:4)
  13 black mambas
  2 molten gargoyles (Lair:5)
  A gargoyle (D:13)
  17 cane toads
  A rime drake (shapeshifter) (D:13)
  6 rime drakes
  13 komodo dragons
  2 tengu conjurers (D:15)
  5 kobold demonologists
  A polar bear (shapeshifter) (D:14)
  3 hornets
  A slime creature (D:15)
  5 polar bears
  2 trolls
  An air elemental (Elf:1)
  5 large abominations (D:10)
  A shadow (D:12)
  53 yaks
  A wraith (D:11)
  4 wyverns
  8 basilisks
  2 steam dragons (Lair:5)
  A redback (Lair:2)
  A vampire mosquito (D:13)
  12 wargs
  3 acid dragons
  13 water moccasins
  5 hell hounds (Lair:5)
  11 orc warriors
  An ice beast (D:6)
  6 black bears
  A black bear (shapeshifter) (Elf:1)
  A sky beast (D:4)
  11 ogres
  28 wolves
  6 centaurs
  A phantom (D:5)
  16 bullfrogs
  3 kobold brigands
  A necrophage (D:7)
  7 small abominations (D:10)
  8 wights
  9 killer bees
  10 howler monkeys
  5 lava snakes (Lair:5)
  2 hounds
  Crazy Yiuf (D:3)
  2 gnoll boudas
  12 orc priests
  5 jellies
  Jessica (D:2)
  2 iguanas
  Terence (D:2)
  Natasha (thrice) (D:3)
  36 orc wizards
  7 hell rats (Lair:5)
  Robin (D:4)
  12 gnolls
  5 adders
  A shadow imp (D:6)
  2 white imps
  2 worms
  3 dart slugs
  76 orcs
  10 ball pythons
  6 bats
  9 endoplasms
  6 giant cockroaches
  11 goblins
  11 hobgoblins
  16 kobolds
  4 quokkas
  5 frilled lizards
  10 rats
  A butterfly (Lair:4)
661 creatures vanquished.

Vanquished Creatures (others)
  A wizard (D:14)
  A deep elf pyromancer (Elf:1)
  A molten gargoyle (Lair:5)
  An orc (Orc:2)
  39 fungi
  55 plants
98 creatures vanquished.

Grand Total: 759 creatures vanquished

Notes
Turn   | Place    | Note
-------+----------+-------------------------------------------
     0 | D:1      | booth the Demonspawn Gladiator began the quest for the Orb.
     0 | D:1      | Reached XP level 1. HP: 16/16 MP: 1/1
    65 | D:1      | Reached skill level 3 in Axes
   123 | D:1      | Gained mutation: You are partially covered in sharp spines.
                  | [demonic ancestry]
   123 | D:1      | Reached XP level 2. HP: 22/22 MP: 2/2
   268 | D:1      | Found a faded altar of an unknown god.
   284 | D:1      | Prayed at the altar of an unknown god.
   284 | D:1      | Became a worshipper of Warmaster Okawaru
   284 | D:1      | Reached * piety under Okawaru
   639 | D:2      | Noticed Terence
   644 | D:2      | Gained mutation: You are partially covered in molten
                  | scales. (AC +2) [demonic ancestry]
   644 | D:2      | Reached XP level 3. HP: 27/27 MP: 3/3
   651 | D:2      | Killed Terence
   806 | D:2      | Noticed Jessica
   817 | D:2      | Killed Jessica
   818 | D:2      | Reached skill level 4 in Axes
   818 | D:2      | Gained mutation: You are mostly covered in molten scales.
                  | (AC +3) [demonic ancestry]
   818 | D:2      | Reached XP level 4. HP: 33/33 MP: 1/4
  1568 | D:3      | Reached XP level 5. HP: 33/38 MP: 5/5
  1579 | D:3      | Reached skill level 5 in Axes
  2092 | D:3      | Found a runed translucent door.
  2093 | D:3      | Noticed Crazy Yiuf
  2140 | D:3      | Noticed Natasha
  2145 | D:3      | Killed Natasha
  2387 | D:3      | Noticed Natasha
  2391 | D:3      | Killed Natasha
  2392 | D:3      | Gained mutation: You may rarely emit foul miasma when
                  | damaged in melee. [demonic ancestry]
  2392 | D:3      | Reached XP level 6. HP: 45/46 MP: 6/6
  2436 | D:3      | Killed Crazy Yiuf
  2726 | D:3      | Noticed Natasha
  2730 | D:3      | Killed Natasha
  2731 | D:3      | Reached skill level 1 in Armour
  2796 | D:4      | Noticed Robin
  2809 | D:4      | Noticed a sky beast
  2824 | D:4      | Killed a sky beast
  2824 | D:4      | Reached ** piety under Okawaru
  2825 | D:4      | Reached skill level 6 in Axes
  2826 | D:4      | Killed Robin
  3077 | D:4      | Reached XP level 7. HP: 52/52 MP: 7/7
  3389 | D:5      | Entered Level 5 of the Dungeon
  3397 | D:5      | Reached skill level 1 in Stealth
  3522 | D:5      | Found a burning altar of Makhleb.
  3525 | D:5      | Noticed an Executioner
  3529 | D:5      | Noticed an angel
  3668 | D:5      | Reached skill level 7 in Axes
  3838 | D:5      | Reached *** piety under Okawaru
  3839 | D:5      | Gained mutation: You sometimes emit foul miasma when
                  | damaged in melee. [demonic ancestry]
  3839 | D:5      | Reached XP level 8. HP: 50/58 MP: 5/8
  3894 | D:5      | Reached skill level 8 in Axes
  3894 | D:5      | Reached skill level 1 in Invocations
  4421 | D:6      | Reached skill level 9 in Axes
  4505 | D:6      | Found an ornate altar of the Wu Jian Council.
  4506 | D:6      | Noticed Sigmund
  4521 | D:6      | Noticed a hornet
  4529 | D:6      | Killed a hornet
  4759 | D:6      | Reached XP level 9. HP: 62/65 MP: 7/10
  4764 | D:6      | Reached **** piety under Okawaru
  4899 | D:6      | Found a hide-covered altar of Uskayaw.
  4899 | D:6      | Found a blossoming altar of Fedhas.
  4970 | D:7      | Found Zutaceut's Antique Armour Boutique.
  5109 | D:7      | Found a staircase to the Ecumenical Temple.
  5155 | D:7      | Reached skill level 10 in Axes
  5352 | D:7      | Identified the +0 robe of Anaesthesia {Will+}
  6177 | D:8      | Found a snail-covered altar of Cheibriados.
  6233 | D:8      | Found an opulent altar of Gozag.
  6235 | D:8      | Found a shimmering altar of Xom.
  6235 | D:8      | Found a stormy altar of Qazlal.
  6237 | D:8      | Found a radiant altar of Vehumet.
  6237 | D:8      | Found a blossoming altar of Fedhas.
  6237 | D:8      | Found a shimmering blue altar of Sif Muna.
  6368 | D:8      | Reached skill level 11 in Axes
  6437 | D:8      | Reached XP level 10. HP: 67/73 MP: 4/12
  6447 | D:8      | Reached skill level 5 in Dodging
  7045 | D:9      | Found a shimmering blue altar of Sif Muna.
  7045 | D:9      | Found a stormy altar of Qazlal.
  7045 | D:9      | Found a bloodstained altar of Trog.
  7046 | D:9      | Found an iron altar of Okawaru.
  7049 | D:9      | Found a hazy altar of Hepliaklqana.
  7157 | D:9      | Reached skill level 5 in Fighting
  7366 | D:9      | Reached ***** piety under Okawaru
  7367 | D:9      | Reached skill level 12 in Axes
  7645 | D:9      | Found Boavoin's Magic Scroll Boutique.
  7735 | D:9      | Bought a scroll of brand weapon for 161 gold pieces
  7735 | D:9      | Bought a scroll of enchant armour for 127 gold pieces
  7909 | D:9      | Noticed a two-headed ogre
  7929 | D:9      | Killed a two-headed ogre
  7929 | D:9      | Received a gift from Okawaru
  7930 | D:9      | Reached XP level 11. HP: 82/82 MP: 8/13
  8146 | D:9      | Reached skill level 13 in Axes
  8234 | D:10     | Entered Level 10 of the Dungeon
  8347 | D:10     | Noticed a two-headed ogre
  8358 | D:10     | Killed a two-headed ogre
  8783 | D:10     | Found a staircase to the Lair.
  9329 | D:10     | Noticed a wizard
  9342 | D:10     | Killed a wizard
  9360 | D:10     | Noticed a large abomination
  9360 | D:10     | Noticed a large abomination
  9360 | D:10     | Noticed a large abomination
  9397 | D:10     | Killed a large abomination
  9398 | D:10     | Reached skill level 14 in Axes
  9405 | D:10     | Received a gift from Okawaru
  9739 | D:10     | Killed a large abomination
  9914 | D:10     | Killed a large abomination
 10232 | Lair:1   | Entered Level 1 of the Lair of Beasts
 10304 | Lair:1   | Reached skill level 5 in Invocations
 10308 | Lair:1   | Gained mutation: You are mostly covered in sharp spines.
                  | [demonic ancestry]
 10308 | Lair:1   | Reached XP level 12. HP: 74/91 MP: 9/15
 10589 | Lair:1   | Received a gift from Okawaru
 10619 | Lair:1   | Reached skill level 15 in Axes
 10642 | Lair:1   | Noticed Harold
 10818 | Lair:1   | Noticed Erica
 10849 | Lair:1   | Killed Erica
 11912 | Lair:2   | Noticed a five-headed hydra
 11925 | Lair:2   | Killed a five-headed hydra
 11985 | Lair:2   | Noticed Sonja
 12007 | Lair:2   | Killed Sonja
 12185 | Lair:2   | Reached skill level 1 in Maces & Flails
 12220 | Lair:2   | Found a staircase to the Swamp.
 12229 | Lair:2   | Identified the +3 chain mail of Deocw {rC++ rN+ Int+4
                  | Dex-3} (Okawaru gifted it to you on level 2 of the Lair of
                  | Beasts)
 12229 | Lair:2   | Received a gift from Okawaru
 12294 | Lair:2   | Reached skill level 16 in Axes
 12441 | Lair:2   | Found a hole to the Spider Nest.
 12560 | Lair:3   | Noticed Fannar
 12583 | Lair:3   | Killed Fannar
 12584 | Lair:3   | Gained mutation: You are completely covered in sharp
                  | spines. [demonic ancestry]
 12584 | Lair:3   | Reached XP level 13. HP: 99/99 MP: 12/18
 13274 | Lair:3   | Reached skill level 5 in Armour
 13713 | Lair:4   | Found a staircase to the Slime Pits.
 14012 | Lair:4   | Got the Secrets of the Shifting Wind
 15700 | D:11     | Received a gift from Okawaru
 16379 | D:11     | Identified a scroll of acquirement
 16379 | D:11     | Acquired the +0 pair of fencer's gloves {Riposte Dex+3}
 16379 | D:11     | Found the +0 pair of fencer's gloves {Riposte Dex+3}
 16519 | D:12     | You fall into a shaft and drop 2 floors!
 16939 | D:13     | Found a gate to the Vaults.
 16939 | D:13     | Noticed an ironbound preserver
 16972 | D:13     | Killed an ironbound preserver
 16972 | D:13     | Received a gift from Okawaru
 17128 | D:13     | Reached skill level 17 in Axes
 17436 | D:13     | Noticed Erolcha
 17445 | D:13     | Killed Erolcha
 17540 | D:12     | Got the Folio of Geometric Curses
 17642 | D:12     | Received a gift from Okawaru
 17643 | D:12     | Reached XP level 14. HP: 108/108 MP: 17/19
 17645 | D:12     | Found a staircase to the Orcish Mines.
 18081 | Orc:1    | Entered Level 1 of the Orcish Mines
 18743 | Orc:2    | Entered Level 2 of the Orcish Mines
 18783 | Orc:2    | Reached skill level 5 in Stealth
 18994 | Orc:2    | Reached skill level 10 in Fighting
 19125 | Orc:2    | Found Fexurph's Weapon Shoppe.
 19150 | Orc:2    | Found Plog's Armour Boutique.
 19242 | Orc:2    | Found Foyzxetze's Book Boutique.
 19275 | Orc:2    | Found Vaepnid's Armour Shoppe.
 19287 | Orc:2    | Paralysed by an orc sorcerer for 4 turns
 19710 | Orc:2    | Found Manyng's Specific Store.
 19716 | Orc:2    | Found Racloc's General Store.
 19736 | Orc:2    | Bought a scroll of identify for 22 gold pieces
 19865 | Orc:2    | Found a staircase to the Elven Halls.
 20365 | D:13     | Received a gift from Okawaru
 21357 | D:14     | HP: 4/111 [something (9)]
 21898 | D:14     | Received a gift from Okawaru
 21899 | D:14     | Reached skill level 18 in Axes
 22013 | D:14     | Received a gift from Okawaru
 22025 | D:14     | Found the +12 glaive of Prune {vorpal}
 22126 | D:15     | Entered Level 15 of the Dungeon
 22679 | D:15     | Found Vaufrul's Magic Scroll Boutique.
 22687 | D:15     | Bought a scroll of enchant weapon for 90 gold pieces
 22687 | D:15     | Bought a scroll of enchant weapon for 90 gold pieces
 22687 | D:15     | Bought a scroll of enchant weapon for 90 gold pieces
 22687 | D:15     | Bought a scroll of acquirement for 624 gold pieces
 22687 | D:15     | Bought a scroll of identify for 24 gold pieces
 22704 | D:15     | Acquired the +1 pair of boots of Cituc {Rampage}
 23119 | D:15     | Received a gift from Okawaru
 23644 | Lair:1   | Killed Harold
 24096 | Lair:5   | Entered Level 5 of the Lair of Beasts
 24122 | Lair:5   | Reached ****** piety under Okawaru
 24123 | Lair:5   | Reached XP level 15. HP: 117/117 MP: 14/20
 24675 | Lair:5   | Received a gift from Okawaru
 25181 | Lair:5   | Received a gift from Okawaru
 25353 | Lair:5   | Found a large runed translucent door.
 25355 | Lair:5   | Found a large runed translucent door.
 25825 | Elf:1    | Entered Level 1 of the Elven Halls
 25882 | Elf:1    | Found Kisalynk's Assorted Antiques.
 25926 | Elf:1    | Paralysed by an air elemental for 1 turns
 26151 | Elf:1    | Found Riuzxem's Antique Armour Shoppe.
 26151 | Elf:1    | Found Wudeatoso's Antique Weapon Emporium.
 26151 | Elf:1    | Identified the +5 trident "Dele" {elec, Int+5}
 26157 | Elf:1    | Bought a potion of heal wounds for 180 gold pieces
 26157 | Elf:1    | Found Dyarig's Jewellery Shoppe.
 26167 | Elf:1    | Paralysed by an air elemental for 1 turns
 26382 | Elf:1    | HP: 5/119 [deep elf zephyrmancer/bolt of lightning (16)]
 26395 | Elf:1    | Killed from afar by a deep elf zephyrmancer

Illustrated notes

Levels and vault maps discovered:
D:1:      eino_arrival_water_cross, layout_rooms,
          dreamdust_ecumenical_altar_hidden_monk_grotto, minivault_23
D:2:      layout_loops_ring, grunt_ministairs_9, uniq_jessica, uniq_terence
D:3:      layout_basic, uniq_natasha, uniq_crazy_yiuf_cottage
D:4:      layout_cave_pools, serial_glass, glass_columns_a, glass_columns_a,
          grunt_decor_mini_mirrors, uniq_robin
D:5:      layout_rooms, grunt_temple_overflow_order_and_chaos_2,
          tso_oasis_becter, minmay_liquid_box
D:6:      layout_rooms, nicolae_overflow_hidden_temple,
          gammafunk_temple_overflow_pools, uniq_sigmund
D:7:      layout_loops_corners, minmay_temple_entry_statues_pillars,
          nicolae_stop_n_shop_1, grunt_decor_cap, kennysheep_generic_room_5
D:8:      layout_layer_cave, nicolae_overflow_crystal_walls,
          doesnt_xom_only_xom, nrook_mini_vaults, kennysheep_small_square
D:9:      layout_loops_ring, grunt_temple_overflow_open, serial_shops, shop,
          chequers_serial_rivers_small_b
D:10:     layout_loops_ring, nicolae_elyvilon_temple_path, david_lair_shrubbed,
          laboratory
D:11:     layout_loops_ring
D:12:     layout_big_octagon, minmay_orc_entry_guard_dogs
D:13:     layout_gridville, skrybe_vaults_entry_preservation, uniq_erolcha
D:14:     layout_irregular_city, hangedman_decor_opposing,
          minmay_guarded_unrand_prune
D:15:     grunt_enter_depths_magical_seal, layout_basic, serial_shops, shop,
          serial_park_square1 [serial_park_minivault_5x5_6]
Lair:1:   layout_regular_city, uniq_erica, uniq_harold
Lair:2:   layout_roguey, skrybe_swamp_entry_bodies, spider_nest_entry_webs,
          small_statue_intersection, eino_small_chamber_without_monster,
          grunt_megastairs_3, uniq_sonja
Lair:3:   layout_chaotic_city, nicolae_quartered_pool_impasse, uniq_fannar
Lair:4:   layout_gridlike, minmay_slime_entry_oklob_open, lemuel_fruit_fields
Lair:5:   cheibrodos_lair_end_hotspot, layout_misc_corridors
Orc:1:    layout_caves, mines1_david
Orc:2:    st_orc_town, layout_caves, portal_ice_cave_entry_animals_and_master,
          nicolae_specific_store, guppyfry_library_mini
Elf:1:    layout_geoelf_diagonals, minmay_elf_sorcery, minmay_shoptagon

Skill      XL: |  1  2  3  4  5  6  7  8  9 10 11 12 13 14 15 |
---------------+----------------------------------------------+-----
Axes           | 3 4 5 6 7 9 11 12 14 16 17 18 | 18.7
Throwing       | 2 3 |  3.5
Dodging        | 3 4 5 6 |  6.9
Armour         | 1 2 3 4 6 8 |  8.9
Fighting       | 3 4 6 7 8 9 10 11 | 11.4
Stealth        | 1 2 3 4 6 7 |  7.3
Invocations    | 1 2 3 5 6 7 8 |  8.0
Maces & Flails | 1 2 3 |  3.2
Polearms       | |  0.1
Evocations     | |  0.4

Action                   |  1- 3 |  4- 6 |  7- 9 | 10-12 | 13-15 || total
-------------------------+-------+-------+-------+-------+-------++-------
Melee: War axe           |    53 |   121 |   234 |   555 |   848 ||  1811
       Punch             |       |       |     6 |    29 |    36 ||    71
       Eveningstar       |       |       |       |     8 |    37 ||    45
       Executioner's axe |       |       |       |       |    68 ||    68
       Glaive            |       |       |       |       |     2 ||     2
Throw: Dart              |       |       |       |    11 |    10 ||    21
       Javelin           |       |       |       |     3 |     4 ||     7
       Boomerang         |       |       |       |     1 |       ||     1
       Throwing net      |       |       |       |       |     3 ||     3
Invok: Heroism           |     2 |     1 |    16 |    38 |    31 ||    88
       Finesse           |       |       |     1 |     6 |     6 ||    13
Evoke: Wand              |       |       |       |     6 |       ||     6
  Use: Scroll            |       |    11 |     2 |     9 |    15 ||    37
       Potion            |       |     3 |       |     1 |     3 ||     7
 Stab: Sleeping          |       |       |     2 |     8 |     1 ||    11
       Held in net/web   |       |       |       |       |     1 ||     1
Armor: Leather armour    |    14 |    64 |    82 |    38 |       ||   198
       Acid dragon scale |       |       |       |    91 |       ||    91
       Chain mail        |       |       |       |    13 |   482 ||   495
Dodge: Dodged            |    31 |    68 |   173 |   302 |   456 ||  1030
       Rpst.: War axe    |       |       |       |       |    71 ||    71
       Executioner's axe |       |       |       |       |     9 ||     9
